 Seeded DCSS version 0.29-a0-393-g47a863cc1b (webtiles) character file.

Game seed: 14875320075521095149 (custom seed)

8696 zeratav the Geomancer (level 11, 0/100 HPs)
             Began as an Octopode Earth Elementalist on May 9, 2022.
             Was an Initiate of Gozag.
             Slain by an eight-headed hydra (3 damage)
             ... on level 11 of the Dungeon.
             The game lasted 00:26:35 (12273 turns).

zeratav the Geomancer (OpEE)                       Turns: 12273, Time: 00:26:35

Health: 0/100      AC: 26    Str:  7    XL:     11   Next: 34%
Magic:  17/20      EV: 12    Int: 22    God:    Gozag
Gold:   1570       SH:  0    Dex: 13    Spells: 12/22 levels left

rFire   + . .      SeeInvis .   w - +4 whip (elec) {mace}
rCold   . . .      Faith    .   (no shield)
rNeg    + . .      Spirit   .   (helmet restricted)
rPois   ∞          Reflect  .   E - amulet of regeneration {@e2}
rElec   +          Harm     .   J - ring of protection from fire
rCorr   .          Rampage  .   (no ring)
Will    .....                   (no ring)
Stlth   +++.......              (no ring)
HPRegen 1.06/turn               (no ring)
MPRegen 0.17/turn               (no ring)
                                (no ring)
                                (no ring)

@: statue-form, very slow
A: slow and powerful, torment resistance 1, boosted hp, almost no armour,
amphibious, 8 rings, camouflage 1, (gelatinous body 1), (nimble swimmer 1),
tentacles
a: End Transformation, Renounce Religion, Potion Petition, Call Merchant, Bribe
Branch


You were on level 11 of the Dungeon.
You worshipped Gozag.
Gozag was most pleased with you.
You were a living statue of rough stone.
You visited 2 branches of the dungeon, and saw 12 of its levels.

You collected 1668 gold pieces.
You paid 98 gold pieces to Gozag.


Innate Abilities, Weirdness & Mutations

You are a living statue of rough stone.
Your actions are slow, but your melee attacks are powerful.
You are resistant to unholy torment.
Your maximum health is greatly increased.
You are immune to poison.
You cannot wear most types of armour.
You are amphibious.
You can wear up to eight rings at the same time.
Your skin changes colour to match your surroundings (Stealth+).
((Your rubbery body absorbs attacks. (AC +1, EV +1)))
((You are camouflaged when in or above water. (Stealth+)))
You have tentacles for arms and can constrict up to eight enemies at once.


   Skills:
 - Level 8.0 Fighting
 - Level 2.0 Dodging
 - Level 2.6 Stealth
 + Level 3.5 Unarmed Combat
 - Level 6.0 Spellcasting
 - Level 10.0 Transmutations
 - Level 10.0 Earth Magic


You had 12 spell levels left.
You knew the following spells:

 Your Spells              Type           Power      Damage    Failure   Level
a - Sandblast             Erth           100%       2d20      1%          1
b - Stone Arrow           Conj/Erth      56%        3d10      3%          3
c - Statue Form           Tmut/Erth      33%        N/A       22%         6

Your spell library contained the following spells:

 Spells                   Type           Power      Damage    Failure   Level
 Passwall                 Tmut/Erth      41%        N/A       1%          2
 Petrify                  Tmut/Erth      50%        N/A       1%          4
 Blade Hands              Tmut           25%        N/A       4%          5
 Foxfire                  Conj/Fire      24%        2x1d5     9%          1
 Shock                    Conj/Air       24%        1d4       9%          1
 Corpse Rot               Necr/Air       12%        N/A       14%         2
 Poisonous Vapours        Pois/Air       12%        N/A       14%         2
 Conjure Flame            Conj/Fire      6%         6-21      26%         3
 Inner Flame              Hex/Fire       6%         N/A       26%         3
 Swiftness                Air            6%         N/A       26%         3
 Alistair's Intoxication  Tmut/Pois      18%        N/A       32%         5
 Yara's Violent Unravell  Hex/Tmut       14%        3d7       32%         5
 Airstrike                Air            3%         N/A       65%         4
 Flame Wave               Conj/Fire      6%         2d5       65%         4
 Iron Shot                Conj/Erth      14%        9d4       87%         6
 Animate Armour           Summ/Erth      Unusable   N/A       N/A         4

Inventory:

Hand Weapons
 w - a +4 whip of electrocution (weapon) {mace}
   (You took it off an orc on level 5 of the Dungeon)
Missiles
 o - 236 stones {throwing}
Armour
 i - a +3 kite shield of protection
   (You found it on level 2 of the Dungeon)
 I - a +0 buckler
   (You found it on level 9 of the Dungeon)
Jewellery
 B - an amulet of faith {!P}
   (You found it on level 6 of the Dungeon)
 E - an amulet of regeneration (around mantle) {@e2}
   (You found it on level 8 of the Dungeon)
 J - a ring of protection from fire (left tentacle)
   (You found it on level 9 of the Dungeon)
Wands
 g - a wand of charming (2)
   (You found it on level 7 of the Dungeon)
 u - a wand of polymorph (9)
   (You found it on level 4 of the Dungeon)
 y - a wand of paralysis (19)
   (You found it on level 5 of the Dungeon)
 C - a wand of flame (63)
   (You took it off a gnoll on level 6 of the Dungeon)
 F - a wand of iceblast (10)
   (You found it on level 8 of the Dungeon)
 H - a wand of acid (4)
   (You found it on level 9 of the Dungeon)
Scrolls
 a - 4 scrolls of teleportation {@r4}
 e - a scroll of poison {!r}
 n - 2 scrolls of enchant armour
 q - 2 scrolls of vulnerability {!r!r}
 r - a scroll of amnesia {unknown}
 s - 2 scrolls of fear {unknown}
 t - 2 scrolls of magic mapping {unknown}
 z - 2 scrolls of enchant weapon {unknown}
 A - a scroll of brand weapon
 D - 5 scrolls of identify {@r1}
 L - a scroll of blinking {!r}
 M - a scroll of fog
Potions
 b - a potion of magic
 c - 5 potions of haste {@q3}
 d - 4 potions of mutation {!q}
 h - 2 potions of heal wounds {@q2}
 j - 2 potions of flight
 k - a potion of invisibility
 l - 2 potions of might {unknown}
 m - 2 potions of attraction {unknown}
 p - 8 potions of curing {unknown}
 v - a potion of ambrosia {unknown}
 x - 2 potions of brilliance {unknown}
 G - a potion of berserk rage {unknown}
 K - a potion of lignification {unknown}

Dungeon Overview and Level Annotations

Branches:
Dungeon (11/15)            Temple (1/1) D:6            Lair (0/6) D:11
    Orc (0/2) D:9

Altars:
Ashenzari
Cheibriados
Dithmenos
Elyvilon
Fedhas
Gozag
Hepliaklqana
Kikubaaqudgha
Makhleb
Nemelex Xobeh
Okawaru
Qazlal
Ru
Sif Muna
Trog
Uskayaw
Vehumet
Wu Jian
Xom
Yredelemnul
Zin
The Shining One

Shops:
D:4 (   D:8 [

Annotations:
D:7 Joseph
D:8 Maurice

....... #...####....##.
..###>. #.#.........)..
...##.# .
##..........#). ......#
.. #...........#..
....#.. #..
##.............. ....# #
#.. ##...............
....###
#..###................
.......
###...................
..#....
#....8................
.......
......{DD.......#.......
.......
........H.......#......
.......
..............###.....
....... ...........##.#
.. ....... .......#...#
... ....... .......#....
.. ..##..###.......
..... P .......#......
#Pl..P.


You could see an eight-headed hydra, a manticore and an acid dragon.


Message History

The eight-headed hydra barely misses you.
The eight-headed hydra bites you but does no damage.
The eight-headed hydra bites you.
The eight-headed hydra bites you but does no damage.
The eight-headed hydra bites you.
The eight-headed hydra barely misses you.
The eight-headed hydra bites you but does no damage.
HP[-9] MP[+1]
You take 9 damage, and now have 91/100 hp.
You hit the eight-headed hydra but do no damage.
Lightning courses through the eight-headed hydra!!
You squeeze the eight-headed hydra!
The eight-headed hydra completely misses you.
The eight-headed hydra bites you but does no damage.
The eight-headed hydra bites you!
The eight-headed hydra closely misses you. x2
The eight-headed hydra bites you but does no damage. x3
The shadow slips into darkness.
The shadow flickers and vanishes!
Deactivating autopickup; reactivate with Ctrl-A.
HP[-8]
You take 8 damage, and now have 83/100 hp.
You hit the eight-headed hydra.
A manticore comes into view.
The shadow strikes at you from the darkness!
Reactivating autopickup.
The eight-headed hydra bites you.
The eight-headed hydra bites you but does no damage. x4
The eight-headed hydra barely misses you.
The eight-headed hydra bites you!
The eight-headed hydra bites you but does no damage.
The shadow hits you.
The eight-headed hydra closely misses you.
The eight-headed hydra bites you but does no damage.
The eight-headed hydra closely misses you.
The eight-headed hydra bites you. The eight-headed hydra bites you!
The eight-headed hydra bites you but does no damage. x3
HP[-26]
You take 26 damage, and now have 57/100 hp.
MASSIVE DAMAGE!! (PAUSE)
You hit the eight-headed hydra.
You squeeze the eight-headed hydra, but do no damage.
The eight-headed hydra bites you.
The eight-headed hydra bites you but does no damage.
The eight-headed hydra closely misses you.
The eight-headed hydra bites you but does no damage.
The eight-headed hydra misses you. The eight-headed hydra bites you.
The eight-headed hydra bites you but does no damage.
The eight-headed hydra bites you!
* * * LOW HITPOINT WARNING * * *
The shadow closely misses you.
HP[-13]
You take 13 damage, and now have 44/100 hp.
You whack the eight-headed hydra! You squeeze the eight-headed hydra!
The acid dragon spits acid at you. The splash of acid misses you.
The shadow hits you.
The eight-headed hydra bites you but does no damage.
The eight-headed hydra completely misses you.
The eight-headed hydra bites you!
* * * LOW HITPOINT WARNING * * *
The eight-headed hydra closely misses you.
The eight-headed hydra bites you but does no damage.
The eight-headed hydra bites you.
* * * LOW HITPOINT WARNING * * *
The eight-headed hydra closely misses you.
The eight-headed hydra completely misses you.
The shadow slips into darkness.
The shadow flickers and vanishes!
Deactivating autopickup; reactivate with Ctrl-A.
The eight-headed hydra barely misses you.
The eight-headed hydra bites you but does no damage. x2
The eight-headed hydra bites you!
* * * LOW HITPOINT WARNING * * *
The eight-headed hydra bites you but does no damage. x4
The acid dragon bites you but does no damage.
The acid dragon claws you but does no damage.
HP[-19] MP[+1]
You take 19 damage, and now have 25/100 hp.
You hit the eight-headed hydra.
Your squeeze misses the eight-headed hydra.
The acid dragon bites you.
* * * LOW HITPOINT WARNING * * *
The acid dragon claws you but does no damage.
The shadow strikes at you from the darkness!
* * * LOW HITPOINT WARNING * * *
Reactivating autopickup.
The eight-headed hydra bites you but does no damage.
The eight-headed hydra completely misses you.
The eight-headed hydra bites you but does no damage. x5
The eight-headed hydra closely misses you.
The shadow slips into darkness.
The shadow flickers and vanishes!
Deactivating autopickup; reactivate with Ctrl-A.
The eight-headed hydra bites you but does no damage.
The eight-headed hydra bites you!
* * * LOW HITPOINT WARNING * * *
The eight-headed hydra bites you but does no damage.
The eight-headed hydra bites you.
You die...
Your body crumbles into a pile of gold.

Skill      XL: |  1  2  3  4  5  6  7  8  9 10 11 |
---------------+----------------------------------+-----
Transmutations | 2 8 10 | 10.0
Earth Magic    | 4 5 6 7 9 10 | 10.0
Spellcasting   | 3 4 5 6 |  6.0
Fighting       | 6 8 |  8.0
Unarmed Combat | 3 |  3.5
Dodging        | |  2.0
Stealth        | |  2.6

Action                   |  1- 3 |  4- 6 |  7- 9 | 10-12 || total
-------------------------+-------+-------+-------+-------++-------
Melee: Dagger            |    23 |    49 |       |       ||    72
       Constrict         |     8 |    15 |    20 |    30 ||    73
       Tentacles         |     6 |     6 |    19 |    79 ||   110
       Whip              |       |    11 |    79 |   284 ||   374
       Punch             |       |       |       |     8 ||     8
 Cast: Sandblast         |    30 |    22 |    38 |       ||    90
       Stone Arrow       |       |       |    66 |     6 ||    72
       Statue Form       |       |       |       |    19 ||    19
Evoke: Wand              |       |       |     2 |       ||     2
  Use: Scroll            |       |       |    15 |     1 ||    16
       Potion            |       |       |     2 |       ||     2
 Stab: Sleeping          |     4 |     9 |     1 |     1 ||    15
Armor: Skin              |     1 |     2 |     8 |   463 ||   474
Dodge: Dodged            |    22 |    35 |    90 |   495 ||   642

Levels and vault maps discovered:
D:1:      mushboom_english_gardens, layout_rooms, shapermc_ecumenical_altar_gd
D:2:      layout_loops_cross, nicolae_elevator_lobby_plus, uniq_natasha
D:3:      layout_basic, mainiacjoe_overflow_concentric_impassable
D:4:      layout_loops_ring, serial_shops, nicolae_shop_stone
D:5:      layout_loops_cross, mainiacjoe_overflow_catch_the_wave,
          wad_woods_river_04
D:6:      layout_loops_corners, old_standard_altar,
          nicolae_wu_jian_immortal_techniques,
          minmay_temple_entry_statues_pillars, wad_floor_pattern_1
D:7:      layout_rooms, st_stairs_1, kennysheep_nondescript,
          corexii_item_surrounded_by_moat, hex_medium, uniq_joseph
D:8:      layout_basic, serial_shops, nicolae_shop_behind_doors, uniq_maurice,
          uniq_grum
D:9:      layout_big_octagon, minmay_orc_entry_guard_dogs
D:10:     layout_basic, marbit_many_paths
D:11:     layout_cave_pools, david_lair_shrubbed,
          nicolae_dithmenos_through_a_glass_darkly, uniq_harold
Temple:   eino_temple_rhombus

Notes
Turn   | Place    | Note
-------+----------+-------------------------------------------
     0 | D:1      | zeratav the Octopode Earth Elementalist began the quest for
                  | the Orb.
     0 | D:1      | Reached XP level 1. HP: 11/11 MP: 3/3
     0 | D:1      | magus.rc [v1.9.6]
   264 | D:1      | Reached XP level 2. HP: 15/17 MP: 0/5
   460 | D:1      | Found a faded altar of an unknown god.
   570 | D:1      | You fall into a shaft and drop 1 floor!
   599 | D:2      | Reached XP level 3. HP: 17/21 MP: 2/6
   601 | D:2      | Reached skill level 2 in Transmutations
   873 | D:2      | Learned a level 3 spell: Stone Arrow
  1300 | D:2      | Noticed Natasha
  1306 | D:2      | Killed Natasha
  1307 | D:2      | Reached skill level 4 in Earth Magic
  1307 | D:2      | Reached XP level 4. HP: 27/27 MP: 7/7
  1321 | D:1      | You pick up a book of Vapours and begin reading...
  1321 | D:1      | You add the spells Poisonous Vapours and Corpse Rot to your
                  | library.
  1679 | D:2      | Noticed Natasha
  1687 | D:2      | Killed Natasha
  1759 | D:2      | Noticed Natasha
  1769 | D:2      | Killed Natasha
  1770 | D:2      | Reached skill level 3 in Spellcasting
  1770 | D:2      | Reached XP level 5. HP: 10/31 MP: 9/9
  2160 | D:3      | Found a shadowy altar of Dithmenos.
  2866 | D:4      | Reached skill level 5 in Earth Magic
  2976 | D:4      | Found Hinaabuo's Antique Weapon Shoppe.
  3216 | D:4      | Reached XP level 6. HP: 35/36 MP: 6/11
  3479 | D:4      | You pick up a book of Flames and begin reading...
  3479 | D:4      | You add the spells Foxfire, Conjure Flame, Inner Flame and
                  | Flame Wave to your library.
  3729 | D:4      | You pick up a book of Air and begin reading...
  3729 | D:4      | You add the spells Shock, Swiftness and Airstrike to your
                  | library.
  3779 | D:5      | Entered Level 5 of the Dungeon
  3857 | D:5      | You pick up a book of Air and begin reading...
  4288 | D:5      | You add the spells Yara's Violent Unravelling, Alistair's
                  | Intoxication and Statue Form to your library.
  4288 | D:5      | Got the Almanac of Unstable Clay
  4330 | D:5      | Reached skill level 6 in Earth Magic
  4390 | D:5      | Found a burning altar of Makhleb.
  4397 | D:5      | Reached skill level 4 in Spellcasting
  4397 | D:5      | Reached XP level 7. HP: 41/41 MP: 11/13
  4599 | D:5      | Found an iron altar of Okawaru.
  4827 | D:6      | Reached skill level 7 in Earth Magic
  5444 | D:6      | Found an ornate altar of the Wu Jian Council.
  5495 | D:6      | Found a hide-covered altar of Uskayaw.
  5547 | D:6      | Found a staircase to the Ecumenical Temple.
  5560 | Temple   | Entered the Ecumenical Temple
  5561 | Temple   | HP: 4/41 [orc warrior/+0 hand axe (15)]
  5564 | Temple   | Reached XP level 8. HP: 5/46 MP: 1/15
  6120 | Temple   | Became a worshipper of Gozag Ym Sagoz the Greedy
  6183 | D:6      | Reached skill level 5 in Spellcasting
  6403 | D:6      | Reached skill level 8 in Earth Magic
  6991 | D:7      | Reached skill level 9 in Earth Magic
  7045 | D:7      | You pick up a book of Iron and begin reading...
  7045 | D:7      | You add the spells Blade Hands and Iron Shot to your
                  | library.
  7050 | D:7      | Noticed Joseph
  7173 | D:7      | Reached XP level 9. HP: 45/51 MP: 7/17
  7252 | D:7      | HP: 6/51 [centaur/arrow (13)]
  7522 | D:7      | Reached skill level 6 in Spellcasting
  7522 | D:7      | Reached skill level 3 in Transmutations
  7523 | D:7      | HP: 10/51 [centaur (5)]
  7526 | D:7      | HP: 3/51 [poisoned by a water moccasin]
  8414 | D:8      | Reached skill level 4 in Transmutations
  8414 | D:8      | Reached skill level 10 in Earth Magic
  8503 | D:8      | Noticed Grum
  8518 | D:8      | Reached skill level 5 in Transmutations
  8606 | D:8      | HP: 8/51 [Grum/-1 spear (16)]
  8614 | D:7      | HP: 12/51 [wolf[Grum] (11)]
  8821 | D:8      | Killed Grum
  8822 | D:8      | Reached skill level 6 in Transmutations
  8989 | D:8      | Noticed a hornet
  8995 | D:8      | Killed a hornet
  8996 | D:8      | Reached skill level 7 in Transmutations
  9013 | D:8      | HP: 12/51 [centaur (2)]
  9014 | D:8      | HP: 5/51 [centaur (1)]
  9021 | D:8      | HP: 10/51 [kobold brigand/+0 club (3)]
  9536 | D:8      | Found Geimunt's Antique Armour Shop.
  9556 | D:8      | Reached skill level 8 in Transmutations
  9556 | D:8      | Reached XP level 10. HP: 56/56 MP: 7/19
  9864 | D:8      | Learned a level 6 spell: Statue Form
  9920 | D:8      | Noticed Maurice
 10373 | D:8      | Reached skill level 9 in Transmutations
 10621 | D:9      | Found a staircase to the Orcish Mines.
 10658 | D:9      | HP: 18/72 [warg (2)]
 10660 | D:9      | Reached skill level 10 in Transmutations
 10660 | D:9      | Reached skill level 1 in Fighting
 10663 | D:9      | HP: 9/58 [warg (9)]
 10771 | D:9      | Reached skill level 2 in Fighting
 10830 | D:9      | Reached skill level 3 in Fighting
 11191 | D:10     | Entered Level 10 of the Dungeon
 11251 | D:10     | Reached skill level 4 in Fighting
 11257 | D:10     | You pick up a book of Air and begin reading...
 11336 | D:10     | Reached skill level 5 in Fighting
 11618 | D:10     | Noticed a two-headed ogre
 11628 | D:10     | Killed a two-headed ogre
 11629 | D:10     | Reached skill level 6 in Fighting
 11629 | D:10     | Reached XP level 11. HP: 56/74 MP: 16/20
 11634 | D:10     | Reached skill level 7 in Fighting
 11753 | D:10     | Found a radiant altar of Vehumet.
 11866 | D:11     | Reached skill level 8 in Fighting
 11917 | D:11     | Reached skill level 1 in Unarmed Combat
 12087 | D:11     | Reached skill level 2 in Unarmed Combat
 12115 | D:11     | Found a staircase to the Lair.
 12163 | D:11     | Reached skill level 3 in Unarmed Combat
 12257 | D:11     | Noticed an eight-headed hydra
 12270 | D:11     | Noticed a manticore
 12272 | D:11     | HP: 25/100 [eight-headed hydra (8)]
 12273 | D:11     | HP: 3/100 [eight-headed hydra (12)]
 12273 | D:11     | Slain by an eight-headed hydra

Vanquished Creatures
  A two-headed ogre (D:10)
  2 trolls
  2 hornets (D:8)
  2 wyverns (D:10)
  Grum (D:8)
  5 wraiths
  6 yaks (D:10)
  2 vampire mosquitoes (D:11)
  An acid dragon (D:8)
  4 wargs (D:9)
  2 water moccasins
  5 orc warriors
  A black bear (D:7)
  An ogre (D:7)
  4 wolves
  4 centaurs
  3 phantoms
  4 bullfrogs
  2 kobold brigands (D:8)
  A necrophage (D:6)
  A gnoll sergeant (D:11)
  2 scorpions (D:5)
  8 wights
  9 killer bees
  5 howler monkeys
  5 hounds
  3 orc priests
  2 jellies
  2 gnoll shamans
  4 iguanas
  13 orc wizards
  Natasha (thrice) (D:2)
  13 gnolls
  6 adders
  A shadow imp (D:7)
  A white imp (D:6)
  2 ufetubi
  2 worms (D:2)
  2 dart slugs
  24 orcs
  10 endoplasms
  5 giant cockroaches
  2 hobgoblins (D:2)
  10 jackals
  8 kobolds
  4 quokkas
  5 ball pythons
  4 bats
  3 frilled lizards
  5 goblins
  4 rats
221 creatures vanquished.

Vanquished Creatures (others)
  An orc (D:8)
  8 demonic plants (D:1)
  A plant (D:11)
  5 withered plants (D:1)
15 creatures vanquished.

Grand Total: 236 creatures vanquished

Table legend:
 A = Non-vault XP
 B = Vault XP
 C = Vault XP percentage of total XP
 D = Non-vault monster count
 E = Vault monster count
 F = Vault count percentage of total count
                 A         B        C        D         E       F
            +---------+---------+-------+---------+---------+-------
      Total |   10806 |    1617 |  13.0 |     208 |      13 |   5.9
            +---------+---------+-------+---------+---------+-------
        D:1 |      43 |       0 |   0.0 |      24 |       0 |   0.0
        D:2 |     110 |      36 |  24.7 |      18 |       1 |   5.3
        D:3 |      61 |       0 |   0.0 |      12 |       0 |   0.0
        D:4 |     119 |       0 |   0.0 |      12 |       0 |   0.0
        D:5 |     442 |       0 |   0.0 |      16 |       0 |   0.0
        D:6 |    1024 |       0 |   0.0 |      22 |       0 |   0.0
        D:7 |     662 |     482 |  42.1 |      13 |       4 |  23.5
        D:8 |    2021 |     434 |  17.7 |      35 |       3 |   7.9
        D:9 |    1413 |     632 |  30.9 |      24 |       4 |  14.3
       D:10 |    3011 |      33 |   1.1 |      17 |       1 |   5.6
       D:11 |    1763 |       0 |   0.0 |      14 |       0 |   0.0
     Temple |     137 |       0 |   0.0 |       1 |       0 |   0.0
            +---------+---------+-------+---------+---------+-------

Illustrated notes

Table legend:
 A = Kills in this place as a percentage of kills in entire the game.
 B = Kills by you in this place as a percentage of kills by you in the entire game.
 C = Kills by friends in this place as a percentage of kills by friends in the entire game.
 D = Other kills in this place as a percentage of other kills in the entire game.
 E = Experience gained in this place as a percentage of experience gained in the entire game.
 F = Experience gained in this place divided by the number of levels of this place that you have seen.
                   A       B       C       D       E      F
               +-------+-------+-------+-------+-------+----------------------
         Total | 100.0 | 100.0 |   N/A |   N/A | 100.0 | 1035.2
       Dungeon |  99.5 |  99.5 |   N/A |   N/A |  98.9 | 1116.9
        Temple |   0.5 |   0.5 |   N/A |   N/A |   1.1 | 137.0
               +-------+-------+-------+-------+-------+----------------------

Table legend: (Time is in decaauts)
 A = Elapsed time spent in this place.
 B = Non-inter-level travel time spent in this place.
 C = Inter-level travel time spent in this place.
 D = Time resting spent in this place.
 E = Time spent auto-exploring this place.
 F = Levels seen in this place.
 G = Mean time per level.
                   A        B        C        D        E       F      G
               +--------+--------+--------+--------+--------+-----+--------+
         Total |  12717 |  12256 |    461 |   3816 |   5729 |  12 | 1059.8 |
       Dungeon |  12146 |  11714 |    432 |   3442 |   5580 |  11 | 1104.2 |
        Temple |    571 |    542 |     29 |    374 |    149 |   1 |  571.0 |
               +--------+--------+--------+--------+--------+-----+--------+

Top non-repeatable levels by time:
     D:6: 2267 daAuts
     D:8: 1543 daAuts
     D:7: 1371 daAuts
     D:2: 1334 daAuts
     D:9: 934 daAuts
     D:4: 923 daAuts
     D:5: 919 daAuts
     D:1: 822 daAuts
    D:10: 778 daAuts
     D:3: 698 daAuts
  Temple: 571 daAuts
    D:11: 552 daAuts
